 Dungeon Crawl Stone Soup version 0.31-a0-1005-gfbdfbacc72 (webtiles) character file.

Game seed: 6200765771014010368

4962 Armakuni the Arsonist (level 10, -8/67 (71) HPs)
             Began as a Pale Draconian Shapeshifter on Nov 10, 2023.
             Was a Follower of Vehumet.
             Mangled by a two-headed ogre
             ... wielding a +0 dire flail
              (13 damage)
             ... on level 9 of the Dungeon.
             The game lasted 00:27:44 (8715 turns).

Armakuni the Arsonist (Pale Draconian Shapeshifter) Turns: 8715, Time: 00:27:44

HP:   -8/67 (71)    AC:  7    Str: 17    XL:     10   Next: 28%
MP:   11/17         EV: 12    Int: 14    God:    Vehumet [*.....]
Gold: 794           SH:  0    Dex: 11    Spells: 4/19 levels left

rFire   . . .        a - +4 mace
rCold   . . .        (no shield)
rNeg    . . .        (body armour unavailable)
rPois   .            q - melded +2 hat
rElec   .            (cloak currently unavailable)
rCorr   .            v - melded +0 pair of gloves
SInv    .            f - melded +0 pair of boots
Will    .....        (no amulet)
Stlth   +            L - ring of flight
HPRegen 0.31/turn    (no ring)
MPRegen 0.15/turn

%: no passive effects
@: beast-form, flying, studying Dodging, drained
A: beast (slay +4), breathe steam, AC +7, unfitting armour, cold-blooded, steam
resistance
a: Breathe Steam, Begin Untransformation, Renounce Religion


You were on level 9 of the Dungeon.
You worshipped Vehumet.
Vehumet was aware of your devotion.
You were a hulking beast.
You visited 2 branches of the dungeon, and saw 10 of its levels.

You collected 2380 gold pieces.
You spent 1586 gold pieces at shops.

Inventory:

Hand Weapons
 a - a +4 mace (weapon)
 y - a +3 trident of draining
Missiles
 i - 4 curare-tipped darts (quivered)
 r - 2 throwing nets
Armour
 f - a +0 pair of boots (melded)
 q - a +2 hat (melded)
 u - an orb of mayhem
 v - a +0 pair of gloves (melded)
Magical Staves
 p - a staff of air
Jewellery
 L - a ring of flight (left hand)
Talismans
 c - a beast talisman (active)
Scrolls
 j - 3 scrolls of teleportation
 k - a scroll of poison
 l - a scroll of vulnerability
 m - a scroll of enchant weapon
Potions
 b - 2 potions of curing
 d - a potion of invisibility {unknown}
 e - 2 potions of heal wounds
 g - a potion of enlightenment {unknown}
 h - a potion of magic {unknown}
 n - 2 potions of berserk rage {unknown}
 o - 2 potions of attraction {unknown}
 s - a potion of lignification
 t - a potion of haste {unknown}
 w - a potion of brilliance {unknown}
 x - a potion of degeneration {unknown}


   Skills:
 - Level 1.1 Fighting
 - Level 1.7 Dodging
 - Level 5.0 Unarmed Combat
 - Level 5.0 Spellcasting
 + Level 5.0 Conjurations
 + Level 9.9 Fire Magic
 - Level 5.4 Evocations
 - Level 7.0 Shapeshifting


You had 4 spell levels left.
You knew the following spells:

 Your Spells              Type           Power      Damage    Failure   Level
f - Fireball              Conj/Fire      12%        3d7       22%         5
m - Iskenderun's Mystic   Conj/Tloc      10%        2d4       52%         4
s - Sticky Flame          Conj/Fire      24%        2d5       8%          4
z - Searing Ray           Conj           34%        2d5       3%          2

Your spell library contained the following spells:

 Spells                   Type           Power      Damage    Failure   Level
 Foxfire                  Conj/Fire      96%        2x1d8     1%          1
 Magic Dart               Conj           68%        1d6       2%          1
 Ignite Poison            Fire/Tmut/Pois 12%        N/A       13%         3
 Tukima's Dance           Hex            3%         N/A       45%         3
 Fulminant Prism          Conj/Hex       5%         3d7       52%         4
 Dimensional Bullseye     Hex/Tloc       1%         N/A       86%         4
 Summon Ice Beast         Ice/Summ       3%         N/A       86%         4
 Summon Forest            Summ/Tloc      1%         N/A       99%         5
 Malign Gateway           Summ/Tloc      1%         N/A       100%        7
 Spellforged Servitor     Conj/Summ      5%         N/A       100%        7
 Animate Armour           Summ/Erth      Unusable   N/A       N/A         4

Dungeon Overview and Level Annotations

Branches:
Dungeon (9/15)             Temple (1/1) D:5
   Lair: D:8-11         Orc: D:9-12

Altars:
Ashenzari
Cheibriados
Dithmenos
Elyvilon
Fedhas
Hepliaklqana
Kikubaaqudgha
Makhleb
Nemelex Xobeh
Okawaru
Qazlal
Ru
Sif Muna
Trog
Uskayaw
Vehumet
Wu Jian
Xom
Yredelemnul
Zin
The Shining One

Shops:
D:1 =::   D:4 :

Annotations:
Temple 2 transporters


Innate Abilities, Weirdness & Mutations

You are a hulking beast.
Your limbs bulge with bestial killing power. (Slay +4)
You can breathe blasts of scalding, opaque steam.
Your pale cyan-grey scales are hard. (AC +7)
You cannot fit into any form of body armour.
You are cold-blooded and may be slowed by cold attacks.
You are immune to the effects of steam.


Message History

Confirm with . or Enter, or press ? or * to list all spells.
Aiming: Searing Ray (safe; 3% risk of failure)
Press: ? - help, Shift-Dir - straight line, f/p - two-headed ogre
Aim: a two-headed ogre, wielding two +0 dire flails (steam, heavily wounded, very poisoned, slow, 89% to hit)
The searing ray hits the two-headed ogre.
The two-headed ogre is heavily wounded. (Press . to maintain the ray.)
The two-headed ogre closely misses you.
The two-headed ogre hits you with a +0 dire flail!
The searing ray hits the two-headed ogre but does no damage.
The two-headed ogre is heavily wounded.
The searing ray hits the two-headed ogre.
The two-headed ogre is severely wounded.
You have got your breath back.
The two-headed ogre closely misses you.
The two-headed ogre hits you with a +0 dire flail!
The searing ray hits the two-headed ogre!
The two-headed ogre is almost dead.
You finish channelling your searing ray.
The two-headed ogre is no longer moving slowly.
Casting: Searing Ray (safe; 3% risk of failure)
Confirm with . or Enter, or press ? or * to list all spells.
Aiming: Searing Ray (safe; 3% risk of failure)
Press: ? - help, Shift-Dir - straight line, f/p - two-headed ogre
Aim: a two-headed ogre, wielding two +0 dire flails (almost dead, poisoned, 89% to hit)
The searing ray misses the two-headed ogre. (Press . to maintain the ray.)
The two-headed ogre closely misses you.
The two-headed ogre hits you with a +0 dire flail!
You barely miss the two-headed ogre.
The two-headed ogre is almost dead.
The two-headed ogre hits you with a +0 dire flail!!
* * * LOW HITPOINT WARNING * * *
The two-headed ogre hits you with a +0 dire flail!
* * * LOW HITPOINT WARNING * * *
You hit the two-headed ogre.
The two-headed ogre is almost dead.
The two-headed ogre barely misses you.
The two-headed ogre hits you with a +0 dire flail!
You die...

#.......## #.......# #(......
#.......# #...... #.......#
#..... #..####.# #(... #..#
#)# #... #..####)# #..
#.......##### #O#
#.......#...####h######
#.......#.............#
#.......#.............#
#.##....#.............#
#.##....#.............#
#...(...######'###############
#......................(......
#.............................
#.......................#


You could see a two-headed ogre (poisoned).

Vanquished Creatures
  A two-headed ogre (D:8)
  Jeremiah (D:7)
  Grinder (D:5)
  Sigmund (D:2)
  A wyvern (D:7)
  A steam dragon (D:7)
  2 water moccasins
  2 black bears
  2 sky beasts (D:6)
  An ice beast (D:6)
  2 ogres
  2 centaurs
  6 phantoms
  2 kobold brigands
  4 bullfrogs
  2 scorpions (D:6)
  8 wights
  3 killer bees (D:8)
  3 howler monkeys
  3 electric eels (D:7)
  3 jellies
  5 sleepcaps
  5 hounds
  6 iguanas
  Terence (D:2)
  3 orc wizards (D:8)
  7 adders
  3 white imps
  3 ufetubi
  A dart slug (D:4)
  3 orcs
  8 endoplasms
  2 giant cockroaches
  4 goblins
  5 hobgoblins
  11 jackals
  4 quokkas
  4 ball pythons
  9 bats
  2 frilled lizards (D:3)
  9 kobolds
  3 rats
149 creatures vanquished.

Vanquished Creatures (others)
  A sky beast (D:7)
1 creature vanquished.

Grand Total: 150 creatures vanquished

Notes
Turn   | Place    | Note
-------+----------+-------------------------------------------
     0 | D:1      | Armakuni the Draconian Shapeshifter began the quest for the
                  | Orb.
     0 | D:1      | Reached XP level 1. HP: 16/16 MP: 1/1
    56 | D:1      | Found Vithar's Book Emporium.
    80 | D:1      | Found Ummim's Book Shop.
   172 | D:1      | Found Guteh's Jewellery Boutique.
   323 | D:1      | Reached XP level 2. HP: 23/23 MP: 2/2
   389 | D:1      | Identified a scroll of acquirement
   389 | D:1      | Acquired a manual of Dodging
  1081 | D:2      | Noticed Terence
  1187 | D:2      | Killed Terence
  1188 | D:2      | Reached XP level 3. HP: 15/28 MP: 3/3
  1441 | D:2      | Reached XP level 4. HP: 33/35 MP: 4/4
  1527 | D:2      | Noticed Sigmund
  1743 | D:3      | Reached skill level 1 in Evocations
  2647 | D:2      | Killed Sigmund
  2648 | D:2      | Reached XP level 5. HP: 21/40 MP: 5/5
  2648 | D:2      | Reached XP level 6. HP: 25/47 MP: 6/6
  3187 | D:4      | Reached skill level 5 in Evocations
  3187 | D:4      | Reached skill level 5 in Shapeshifting
  3419 | D:4      | Found Zutuirea's Tremendous Tomes.
  3661 | D:5      | Entered Level 5 of the Dungeon
  3814 | D:5      | Found a staircase to the Ecumenical Temple.
  3819 | D:5      | Your scales start taking on a pale cyan-grey colour.
  3819 | D:5      | Reached XP level 7. HP: 36/52 MP: 7/7
  3819 | D:5      | Gained mutation: You are immune to the effects of steam.
                  | [Pale Draconian growth]
  3887 | Temple   | Found a transporter.
  3887 | Temple   | Found a transporter.
  3887 | Temple   | Found a transporter.
  3887 | Temple   | Found a transporter.
  3887 | Temple   | Entered the Ecumenical Temple
  3893 | Temple   | Acquired 1264 gold pieces
  3906 | Temple   | Became a worshipper of Vehumet
  3966 | D:5      | Noticed a +0 hand axe
  3967 | D:5      | Noticed a +0 hand axe
  3970 | D:5      | Found a hide-covered altar of Uskayaw.
  4144 | D:5      | Found a blossoming altar of Fedhas.
  4152 | D:5      | Acquired 669 gold pieces
  4265 | D:1      | Learned a level 2 spell: Searing Ray
  4265 | D:1      | Bought a book of Weapons for 364 gold pieces
  4271 | D:1      | Learned a level 4 spell: Iskenderun's Mystic Blast
  4339 | D:4      | Bought Tusto's Tome of Phlogiston and Leadership for 1222
                  | gold pieces
  4467 | D:5      | Noticed Grinder
  4479 | D:5      | Killed Grinder
  4480 | D:5      | Reached skill level 5 in Unarmed Combat
  4756 | D:6      | Reached XP level 8. HP: 50/59 MP: 8/8
  4854 | D:6      | Reached skill level 1 in Spellcasting
  4984 | D:6      | Learned a level 4 spell: Sticky Flame
  5175 | D:6      | Reached skill level 5 in Spellcasting
  5182 | D:6      | Reached skill level 1 in Fire Magic
  5189 | D:6      | Reached skill level 2 in Fire Magic
  5192 | D:6      | Reached skill level 3 in Fire Magic
  5195 | D:6      | Reached * piety under Vehumet
  5195 | D:6      | Offered knowledge of Foxfire by Vehumet.
  5255 | D:5      | Learned a level 5 spell: Fireball
  5478 | D:6      | Found a broken altar of Ashenzari.
  5621 | D:6      | Reached skill level 4 in Fire Magic
  5621 | D:6      | Reached XP level 9. HP: 64/64 MP: 16/16
  5763 | D:6      | Reached skill level 5 in Fire Magic
  6066 | D:7      | Reached skill level 1 in Conjurations
  6492 | D:7      | Found a shadowy altar of Dithmenos.
  6574 | D:7      | Noticed Jeremiah
  6591 | D:7      | Killed Jeremiah
  6592 | D:7      | Reached skill level 5 in Conjurations
  6607 | D:7      | Reached skill level 6 in Fire Magic
  7040 | D:7      | Reached skill level 7 in Fire Magic
  7292 | D:8      | Reached skill level 8 in Fire Magic
  7738 | D:8      | Reached XP level 10. HP: 59/71 MP: 17/17
  8038 | D:8      | Noticed a two-headed ogre
  8046 | D:8      | Killed a two-headed ogre
  8047 | D:8      | Reached skill level 9 in Fire Magic
  8703 | D:9      | Noticed a two-headed ogre
  8715 | D:9      | Mangled by a two-headed ogre

Illustrated notes

Levels and vault maps discovered:
D:1:      scummos_arrival_checkerplants, layout_loops_ring, serial_shops, shop,
          shop, nicolae_square_shop, chequers_serial_rivers_micro_b,
          roderic_lattice_a, nicolae_kite_square_tiling_tiny, minmay_hexomino_p4
D:2:      layout_basic, uniq_sigmund, uniq_terence
D:3:      layout_basic
D:4:      layout_loops_ring, hangedman_decor_lopped,
          nicolae_shop_i_like_big_books
D:5:      layout_basic, dancing_weapons_uskayaw, kennysheep_mini_moat,
          temple_pool_b, hangedman_glass_teeth, uniq_grinder
D:6:      layout_basic, ashenzari_conservatory_becter, minmay_fractal_squares_5
D:7:      layout_basic, grunt_dithmenos_shadows, serial_bayou,
          serial_bayou_lagoon_b, serial_bayou_shore_b, serial_bayou_pond_b,
          serial_bayou_lagoon_a, uniq_jeremiah
D:8:      layout_layer_cave
D:9:      layout_stronghold
Temple:   hellmonk_temple_divided_pantheon

Skill      XL: |  1  2  3  4  5  6  7  8  9 10 |
---------------+-------------------------------+-----
Shapeshifting  | 4 5 6 7 |  7.0
Evocations     | 4 5 |  5.4
Unarmed Combat | 5 |  5.0
Spellcasting   | 5 |  5.0
Fire Magic     | 4 8 9 |  9.9
Conjurations   | 5 |  5.0
Fighting       | |  1.1
Dodging        | |  1.7

Action                     |  1- 3 |  4- 6 |  7- 9 | 10-12 || total
---------------------------+-------+-------+-------+-------++-------
  Melee: Unarmed           |    87 |   156 |   181 |       ||   424
         Tailslap          |    12 |    25 |    27 |     2 ||    66
         Punch             |     4 |     2 |    12 |     2 ||    20
         Dagger            |     5 |       |       |       ||     5
         Trident           |       |       |    30 |    13 ||    43
         Mace              |       |       |       |     2 ||     2
  Throw: Dart              |       |       |     1 |     5 ||     6
   Cast: Sticky Flame      |       |       |     7 |     5 ||    12
         Searing Ray       |       |       |     3 |     7 ||    10
Ability: Breathe Steam     |       |       |    11 |     2 ||    13
  Evoke: Wand              |       |     9 |    15 |       ||    24
    Use: Scroll            |     2 |     2 |     9 |     2 ||    15
         Potion            |       |       |     2 |       ||     2
 Armour: Skin              |    48 |    77 |   220 |    24 ||   369
  Dodge: Dodged            |    64 |    94 |   159 |    16 ||   333
   Form: Beast             |     2 |       |     2 |       ||     4
                           |     1 |       |     2 |       ||     3

Table legend: (Time is in decaauts)
 A = Elapsed time spent in this place.
 B = Non-inter-level travel time spent in this place.
 C = Inter-level travel time spent in this place.
 D = Time resting spent in this place.
 E = Time spent auto-exploring this place.
 F = Levels seen in this place.
 G = Mean time per level.
                   A        B        C        D        E       F      G
               +--------+--------+--------+--------+--------+-----+--------+
         Total |   8736 |   8183 |    553 |   1607 |   4510 |  10 |  873.6 |
       Dungeon |   8701 |   8148 |    553 |   1607 |   4510 |   9 |  966.8 |
        Temple |     35 |     35 |      0 |      0 |      0 |   1 |   35.0 |
               +--------+--------+--------+--------+--------+-----+--------+

Top non-repeatable levels by time:
     D:7: 1350 daAuts
     D:6: 1107 daAuts
     D:1: 1040 daAuts
     D:2: 1033 daAuts
     D:5: 1001 daAuts
     D:3: 951 daAuts
     D:8: 921 daAuts
     D:4: 767 daAuts
     D:9: 526 daAuts
  Temple: 35 daAuts
